 Dungeon Sprint DCSS version 0.22-a0-460-g49b1da7 (webtiles) character file.

8245 emperorscorpion the Eclecticist (level 11, -2/60 HPs)
             Began as a Deep Elf Air Elementalist on June 9, 2018.
             Was a High Priest of Sif Muna.
             Slain by an orc warrior
             ... wielding a +0 mace
              (19 damage)
             ... in the Dungeon (Sprint IX: "|||||||||||||||||||||||||||||").
             The game lasted 00:07:27 (770 turns).

emperorscorpion the Eclecticist (DEAE)               Turns: 770, Time: 00:07:27

Health: -2/60      AC:  6    Str:  8    XL:     11   Next: 7%
Magic:  15/32      EV: 20    Int: 26    God:    Sif Muna [*****.]
Gold:   10         SH:  0    Dex: 16    Spells: 13/40 levels left

rFire    . . .     SeeInvis .   a - staff of energy
rCold    . . .     Gourm    .   (no shield)
rNeg     . . .     Faith    .   m - +0 robe
rPois    .         Spirit   .   B - +2 hat {Int+3}
rElec    .         Reflect  .   A - +0 cloak
rCorr    .         Harm     .   o - +0 pair of gloves
MR       +....     NoTele   +   (no boots)
Stlth    +++.......             (no amulet)
HPRegen  0.20/turn              p - +2 ring of evasion
MPRegen  0.23/turn              q - +3 ring of strength

@: deflect missiles
A: no striking features
a: Divine Energy, Channel Magic, Forget Spell, Renounce Religion


You were in the Dungeon.
You worshipped Sif Muna.
Sif Muna was extremely pleased with you.
You were not hungry.

You visited 1 branch You collected 10 gold pieces.

Inventory:

Hand Weapons
 b - a +2 halberd of venom
 t - a +0 longbow
Missiles
 s - 4 tomahawks (quivered)
 u - 46 arrows
Armour
 m - a +0 robe (worn)
 o - a +0 pair of gloves (worn)
 r - a +0 helmet
 A - a +0 cloak (worn)
 B - a +2 hat of intelligence (worn)
Magical Staves
 a - an uncursed staff of energy (weapon)
Jewellery
 p - a +2 ring of evasion (left hand)
 q - a +3 ring of strength (right hand)
Wands
 l - a wand of acid (6)
Scrolls
 i - 3 scrolls of blinking
 j - 4 scrolls of remove curse
 k - 2 scrolls of amnesia
 w - 2 scrolls of identify
 x - 2 scrolls of fear
 y - 2 scrolls of enchant weapon
Potions
 d - 6 potions of curing
 e - 4 potions of heal wounds
 f - 2 potions of haste
 g - 4 potions of magic
 h - a potion of invisibility
 n - 3 potions of resistance
 v - 2 potions of brilliance
Comestibles
 c - 11 rations
 z - 18 chunks of flesh


   Skills:
 + Level 3.2 Fighting
 + Level 3.9 Polearms
 + Level 8.1 Dodging
 + Level 6.4 Stealth
 + Level 3.0 Unarmed Combat
 * Level 15.4 Spellcasting
 + Level 8.7 Conjurations
 + Level 11.4 Charms
 + Level 8.3 Necromancy
 * Level 3.5 Fire Magic
 + Level 13.4 Air Magic
 * Level 10.2 Invocations
 + Level 4.8 Evocations


You had 13 spell levels left.
You knew the following spells:

 Your Spells              Type           Power        Failure   Level  Hunger
a - Shock                 Conj/Air       ####         1%          1    None
b - Airstrike             Air            ######....   1%          4    None
c - Swiftness             Chrm/Air       ######..     1%          2    None
d - Lightning Bolt        Conj/Air       ######....   1%          5    None
e - Deflect Missiles      Chrm/Air       ######....   2%          6    None
f - Bolt of Fire          Conj/Fire      ######....   32%         6    None
r - Regeneration          Chrm/Necr      ######....   1%          3    None

Your spell library contained the following spells:

 Spells                   Type           Power        Failure   Level  Hunger
 Cause Fear               Hex            ###.......   26%         4    None
 Fireball                 Conj/Fire      ######....   6%          5    None
 Ring of Flames           Chrm/Fire      ######....   71%         7    None
 Animate Dead             Necr           N/A          1%          4    None
 Pain                     Necr           ####         1%          1    None
 Animate Skeleton         Necr           N/A          1%          1    None
 Vampiric Draining        Necr           ######....   1%          3    None
 Sticky Flame             Conj/Fire      ######..     1%          4    None
 Confusing Touch          Hex            ###...       2%          1    None
 Flame Tongue             Conj/Fire      #####        1%          1    None
 Metabolic Englaciation   Hex/Ice        ###.......   58%         5    None
 Silence                  Hex/Air        ######....   4%          5    None
 Static Discharge         Conj/Air       ######..     1%          3    None
 Inner Flame              Hex/Fire       ####....     3%          3    None
 Song of Slaying          Chrm           ######..     1%          2    None
 Discord                  Hex            ###.......   100%        8    None
 Yara's Violent Unravell  Hex/Tmut       ###.......   58%         5    None


Dungeon Overview and Level Annotations

Branches:
Dungeon (1/1)

Altars:
Cheibriados
Dithmenos
Elyvilon
Fedhas
Gozag
Hepliaklqana
Kikubaaqudgha
Makhleb
Nemelex Xobeh
Okawaru
Qazlal
Ru
Sif Muna
Trog
Uskayaw
Vehumet
Wu Jian
Xom
Yredelemnul
Zin
The Shining One
Beogh
Jiyva
Lugonu


Message History

The bolt of lightning hits the orc warrior.
You kill the orc warrior!
Sif Muna accepts your kill.
The bolt of lightning hits the orc priest.
You kill the orc priest!
Sif Muna accepts your kill.
An orc comes into view. It is wielding a short sword.
The orc warrior hits you with a mace!!
* * * LOW HITPOINT WARNING * * *
Unknown command.
Casting: Lightning Bolt (safe; 1% risk of failure)
Confirm with . or Enter, or press ? or * to list all spells.
Aiming: Lightning Bolt (safe; 1% risk of failure)
Press: ? - help, Shift-Dir - straight line, f/p - orc warrior
Aim: an orc warrior, wielding a mace and wearing a chain mail (lightly wounded, unusually strong)
You hear a mighty clap of thunder!
The bolt of lightning misses the orc warrior.
An orc warrior comes into view. It is wielding a long sword.
The orc warrior hits you with a mace!!
You die...

▓▓▓▓▓▓▓▓▓▓▓▓▓▓▓▓▓▓▓▓▓▓
oo).)$o@.............▓
▓▓▓▓▓▓▓▓▓▓▓▓▓▓▓▓▓▓▓▓▓▓▓▓▓▓▓▓▓.▓
..............................▓
▓▓▓▓▓▓▓▓▓▓▓▓▓▓▓▓▓▓▓▓▓▓▓▓▓▓▓▓▓▓▓
........÷.......?.....'.......▓
▓▓▓▓▓▓▓▓▓▓▓▓▓▓▓▓▓▓▓▓▓▓▓▓▓▓▓▓▓.▓
..............................▓
▓▓▓▓▓▓▓▓▓▓▓▓▓▓▓▓▓▓▓▓▓▓▓▓▓▓▓▓▓▓▓
_____________'..÷..').(†.'...<▓


You could see 2 orc warriors and an orc.

Vanquished Creatures
  Gastronok (D)
  A hydra (D)
  A centaur warrior (D)
  A lindwurm (D)
  An orc knight (D)
  A cyclops (D)
  2 spiny frogs (D)
  A komodo dragon (D)
  A torpor snail (D)
  A troll (D)
  3 tyrant leeches (D)
  A dream sheep (D)
  A hippogriff (D)
  A yak (D)
  A wyvern (D)
  A water moccasin (D)
  3 porcupines (D)
  4 orc warriors (D)
  A phantom (D)
  An eye of draining (D)
  A centaur (D)
  3 crocodiles (D)
  3 bullfrogs (D)
  A killer bee (D)
  A crimson imp (D)
  An orc wizard (D)
  An orc priest (D)
  A worker ant (D)
  A dart slug (D)
  4 worms (D)
  3 orcs (D)
  A ball python (D)
  A bat skeleton (D)
  A hobgoblin (D)
  A quokka (D)
  2 kobolds (D)
  A quokka zombie (D)
  A rat (D)
56 creatures vanquished.

Notes
Turn   | Place    | Note
-------+----------+-------------------------------------------
     0 | D        | emperorscorpion the Deep Elf Air Elementalist began the quest for the Orb.
     0 | D        | Reached XP level 1. HP: 10/10 MP: 6/6
    44 | D        | Noticed a worker ant
    44 | D        | Noticed a crimson imp
    45 | D        | Reached XP level 2. HP: 14/15 MP: 6/8
    47 | D        | Reached skill level 4 in Spellcasting
    52 | D        | Reached skill level 5 in Air Magic
    52 | D        | Reached XP level 3. HP: 17/19 MP: 2/11
    57 | D        | Reached skill level 5 in Spellcasting
    57 | D        | Reached XP level 4. HP: 22/24 MP: 3/13
    66 | D        | Found a roughly hewn altar of Beogh.
    66 | D        | Found a snail-covered altar of Cheibriados.
    66 | D        | Found a shadowy altar of Dithmenos.
    66 | D        | Found a white marble altar of Elyvilon.
    66 | D        | Found a blossoming altar of Fedhas.
    66 | D        | Found an opulent altar of Gozag.
    67 | D        | Found a hazy altar of Hepliaklqana.
    68 | D        | Found a viscous altar of Jiyva.
    69 | D        | Found an ancient bone altar of Kikubaaqudgha.
    70 | D        | Found a corrupted altar of Lugonu.
    71 | D        | Found a burning altar of Makhleb.
    72 | D        | Found a sparkling altar of Nemelex Xobeh.
    73 | D        | Found an iron altar of Okawaru.
    74 | D        | Found a stormy altar of Qazlal.
    75 | D        | Found a sacrificial altar of Ru.
    76 | D        | Found a deep blue altar of Sif Muna.
    77 | D        | Found a bloodstained altar of Trog.
    78 | D        | Found a hide-covered altar of Uskayaw.
    79 | D        | Found a radiant altar of Vehumet.
    80 | D        | Found an ornate altar of the Wu Jian Council.
    81 | D        | Found a shimmering altar of Xom.
    82 | D        | Found a basalt altar of Yredelemnul.
    83 | D        | Found a glowing silver altar of Zin.
    84 | D        | Became a worshipper of Sif Muna the Loreminder
    90 | D        | Learned a level 4 spell: Airstrike
    93 | D        | Learned a level 2 spell: Swiftness
    93 | D        | Found a glowing golden altar of the Shining One.
   135 | D        | Noticed an orc warrior
   135 | D        | Noticed a phantom
   135 | D        | Noticed an eye of draining
   140 | D        | Killed an eye of draining
   140 | D        | Reached * piety under Sif Muna
   140 | D        | Reached skill level 1 in Polearms
   140 | D        | Reached skill level 1 in Unarmed Combat
   140 | D        | Reached skill level 6 in Spellcasting
   140 | D        | Reached XP level 5. HP: 27/28 MP: 11/15
   146 | D        | Killed an orc warrior
   146 | D        | Reached ** piety under Sif Muna
   146 | D        | Reached skill level 1 in Fighting
   146 | D        | Reached skill level 5 in Dodging
   146 | D        | Reached skill level 7 in Spellcasting
   146 | D        | Reached skill level 5 in Charms
   147 | D        | Reached XP level 6. HP: 14/34 MP: 6/18
   159 | D        | Reached skill level 5 in Stealth
   179 | D        | Learned a level 5 spell: Lightning Bolt
   328 | D        | Noticed a troll
   328 | D        | Noticed a cyclops
   328 | D        | Noticed a centaur warrior
   328 | D        | Noticed an orc warrior
   330 | D        | Killed an orc warrior
   330 | D        | Reached *** piety under Sif Muna
   330 | D        | Reached skill level 8 in Spellcasting
   331 | D        | Reached XP level 7. HP: 39/39 MP: 3/21
   332 | D        | Killed a centaur warrior
   332 | D        | Reached **** piety under Sif Muna
   332 | D        | Reached ***** piety under Sif Muna
   332 | D        | Reached skill level 10 in Spellcasting
   332 | D        | Reached skill level 5 in Conjurations
   332 | D        | Reached skill level 10 in Charms
   332 | D        | Reached XP level 8. HP: 9/45 MP: 3/24
   332 | D        | Killed a cyclops
   332 | D        | Identified Sif Muna's Grimoire of Fire and Enhancements (Sif Muna gifted it to you in the Dungeon)
   332 | D        | Received a gift from Sif Muna
   332 | D        | Reached skill level 1 in Evocations
   334 | D        | Killed a troll
   334 | D        | Reached skill level 11 in Spellcasting
   334 | D        | Reached skill level 1 in Invocations
   341 | D        | Learned a level 3 spell: Regeneration
   478 | D        | Noticed an eight-headed hydra
   479 | D        | Reached skill level 1 in Necromancy
   480 | D        | Reached XP level 9. HP: 49/49 MP: 12/26
   481 | D        | Noticed a komodo dragon
   484 | D        | Killed an eight-headed hydra
   484 | D        | Received a gift from Sif Muna
   484 | D        | Reached skill level 12 in Spellcasting
   485 | D        | Noticed a spiny frog
   488 | D        | Killed a komodo dragon
   488 | D        | Reached skill level 5 in Necromancy
   488 | D        | Reached skill level 5 in Invocations
   488 | D        | Killed a spiny frog
   504 | D        | Learned a level 6 spell: Deflect Missiles
   516 | D        | Noticed a torpor snail
   518 | D        | Reached XP level 10. HP: 52/56 MP: 12/28
   519 | D        | Killed a torpor snail
   519 | D        | Reached skill level 13 in Spellcasting
   519 | D        | Received a gift from Sif Muna
   522 | D        | Noticed a spiny frog
   528 | D        | Killed a spiny frog
   544 | D        | Noticed a lindwurm
   547 | D        | Killed a lindwurm
   549 | D        | Reached skill level 14 in Spellcasting
   552 | D        | Identified Sif Muna's Volume of Execration and the Blaze (Sif Muna gifted it to you in the Dungeon)
   552 | D        | Received a gift from Sif Muna
   565 | D        | Learned a level 6 spell: Bolt of Fire
   705 | D        | Noticed Gastronok
   713 | D        | Killed Gastronok
   713 | D        | Reached skill level 15 in Spellcasting
   761 | D        | Noticed an orc knight
   763 | D        | Reached XP level 11. HP: 60/60 MP: 2/32
   765 | D        | Killed an orc knight
   765 | D        | Reached skill level 10 in Invocations
   770 | D        | Slain by an orc warrior

Vault maps used:
D:        linesprint

Skill      XL: |  1  2  3  4  5  6  7  8  9 10 11 |
---------------+----------------------------------+-----
Air Magic      | 4 5 6 7 8 9 11 12 13 | 13.4
Spellcasting   | 4 5 6 7 8 10 11 12 15 | 15.4
Dodging        | 3 4 5 6 7 8 |  8.1
Stealth        | 3 4 5 6 |  6.4
Polearms       | 1 2 3 |  3.9
Unarmed Combat | 1 2 3 |  3.0
Conjurations   | 2 3 5 6 7 8 |  8.7
Charms         | 3 6 8 10 11 | 11.4
Fighting       | 1 2 3 |  3.2
Evocations     | 1 3 4 |  4.8
Invocations    | 2 6 9 10 | 10.2
Necromancy     | 1 6 8 |  8.3
Fire Magic     | 3 |  3.5

Action                   |  1- 3 |  4- 6 |  7- 9 | 10-12 || total
-------------------------+-------+-------+-------+-------++-------
Melee: Unarmed           |     5 |       |       |       ||     5
       Halberd           |       |     4 |       |       ||     4
 Cast: Shock             |     8 |     8 |     1 |     1 ||    18
       Lightning Bolt    |       |     2 |     8 |    26 ||    36
       Airstrike         |       |     2 |     2 |     1 ||     5
       Regeneration      |       |       |     5 |     2 ||     7
       Deflect Missiles  |       |       |     1 |       ||     1
Invok: Channel Magic     |       |       |     3 |     4 ||     7
Evoke: Wand              |       |     1 |     2 |     1 ||     4
       Staff of energy   |       |       |     7 |       ||     7
  Use: Potion            |     1 |       |       |       ||     1
  Eat: Chunk             |       |       |       |     2 ||     2
Armor: Robe              |     1 |       |       |     1 ||     2
Dodge: Dodged            |     6 |     4 |     6 |     6 ||    22

Table legend:
 A = Spawn XP
 B = Non-spawn XP
 C = Spawn XP percentage of total XP
 D = Spawn monster count
 E = Non-spawn monster count
 F = Spawn count percentage of total count
 G = Total turns spent on level
                    A         B        C        D         E        F      G
               +---------+---------+-------+---------+---------+-------+---------
         Total |       0 |   11779 |   0.0 |       0 |      56 |   0.0 |   770
               +---------+---------+-------+---------+---------+-------+---------
             D |       0 |   11779 |   0.0 |       0 |      56 |   0.0 |   770
               +---------+---------+-------+---------+---------+-------+---------
